[Event "Titled Tuesday Blitz August 09 Late 2022"]
[White "Bortnyk, Olexandr"]
[Black "Souleidis, Georgios"]
[WhiteFideId "14120828"]
[BlackFideId "4206827"]
[WhiteElo "2723"]
[BlackElo "2401"]
[Result "1-0"]
[Round "02"]
[TimeControl "180+1"]
[Date "2022.08.09"]
[WhiteClock "0:02:25"]
[BlackClock "0:00:40"]

1. d4 Nf6 2. Nc3 d5 3. Bf4 c5 4. e4 cxd4 5. Qxd4 Nc6 6. Qa4 d4 7. Nb5 e5 8. Bxe5 Nxe5 9. Nc7+ Ke7 10. Nxa8 Nxe4 11. Nf3 Nxf3+ 12. gxf3 Nc5 13. Qxa7 Kf6 14. O-O-O Bf5 15. Qb6+ Qxb6 16. Nxb6 Ne6 17. Nd7+ Ke7 18. Nxf8 Rxf8 19. Bd3 1-0


[Site "https://www.chess.com"]

[Event "Titled Tuesday Blitz August 09 Late 2022"]
[White "Chigaev, Maksim"]
[Black "Diaz Perez, Michel Alejandro"]
[WhiteFideId "4108116"]
[BlackFideId "3517179"]
[WhiteElo "2487"]
[BlackElo "2313"]
[Result "1-0"]
[Round "02"]
[TimeControl "180+1"]
[Date "2022.08.09"]
[WhiteClock "0:00:10"]
[BlackClock "0:00:01"]

1. e4 c6 2. d4 d5 3. e5 Bf5 4. h4 h5 5. Bd3 Bxd3 6. Qxd3 e6 7. Bg5 Qb6 8. Nd2 Qa6 9. c4 Bb4 10. b3 Ne7 11. Nf3 Nf5 12. O-O Nd7 13. a3 Bxd2 14. Nxd2 c5 15. dxc5 Nxc5 16. Qf3 dxc4 17. Nxc4 Rc8 18. Rad1 Qc6 19. Qh3 O-O 20. Nd6 Nxd6 21. exd6 Nd7 22. b4 Qe4 23. Rfe1 Qg4 24. Qd3 a6 25. Qe3 Rc2 26. Qa7 Qf5 27. Rc1 Rfc8 28. Rxc2 Rxc2 29. Be3 Qb5 30. Qa8+ Kh7 31. Qe8 Nf6 32. Qxf7 Qd5 33. Bg5 Ng4 34. Qxh5+ Kg8 35. Qe8+ Kh7 36. Qxe6 Qxe6 37. Rxe6 1-0


[Site "https://www.chess.com"]

[Event "Titled Tuesday Blitz August 09 Late 2022"]
[White "Demchenko, Anton"]
[Black "Rosen, Eric"]
[WhiteFideId "4160258"]
[BlackFideId "2032562"]
[WhiteElo "2539"]
[BlackElo "2362"]
[Result "1-0"]
[Round "02"]
[TimeControl "180+1"]
[Date "2022.08.09"]
[WhiteClock "0:00:13"]
[BlackClock "0:00:02"]

1. e4 c5 2. Nf3 d6 3. d4 Nf6 4. Nc3 cxd4 5. Nxd4 g6 6. Be3 Bg7 7. f3 a6 8. Qd2 h5 9. Be2 Nc6 10. h3 Qc7 11. f4 b5 12. Nxc6 Qxc6 13. Bf3 e5 14. fxe5 dxe5 15. O-O-O O-O 16. g4 Be6 17. gxh5 Rac8 18. Kb1 Rfd8 19. Nd5 Kh7 20. hxg6+ fxg6 21. Bg5 Bxd5 22. exd5 Qc4 23. b3 Qc3 24. Bxf6 Bxf6 25. Be4 Qxd2 26. Rxd2 Kh6 27. Rg1 g5 28. Rf1 Rd6 29. Rdf2 Kg7 30. Rg2 Rh8 31. c4 Rh4 32. Rg4 bxc4 33. Rxh4 gxh4 34. bxc4 Rb6+ 35. Kc2 Be7 36. Bf5 Bc5 37. Be6 a5 38. Rf7+ Kg6 39. Rc7 Bd4 40. c5 Rb2+ 41. Kd3 Rh2 42. d6 Rh1 43. d7 Rd1+ 44. Kc4 Be3 45. Rc8 Bg5 46. c6 e4 47. c7 e3 48. d8=Q Bxd8 49. cxd8=Q e2 50. Qg8+ Kf6 51. Qf7+ Ke5 52. Qf5+ Kd6 53. Rd8+ Kc7 54. Rc8+ Kb7 55. Qb5+ Ka7 56. Rc7+ Ka8 57. Qb7# 1-0


[Site "https://www.chess.com"]

[Event "Titled Tuesday Blitz August 09 Late 2022"]
[White "Di Nicolantonio, Lucas"]
[Black "Harshavardhan G B"]
[WhiteFideId "680460"]
[BlackFideId "25059009"]
[WhiteElo "2381"]
[BlackElo "1890"]
[Result "1-0"]
[Round "02"]
[TimeControl "180+1"]
[Date "2022.08.09"]
[WhiteClock "0:00:04"]
[BlackClock "0:00:16"]

1. d4 Nf6 2. Bg5 e6 3. e4 h6 4. Bxf6 Qxf6 5. c3 d6 6. Bc4 g6 7. Ne2 Bg7 8. O-O O-O 9. f4 Qe7 10. Nd2 Nc6 11. e5 f6 12. Qc2 f5 13. Rae1 d5 14. Bd3 Bd7 15. Kh1 Be8 16. g4 fxg4 17. Bxg6 Qh4 18. Ng3 Ne7 19. Bxe8 Raxe8 20. f5 Nxf5 21. Nxf5 Rxf5 22. Rxf5 exf5 23. Rf1 Rf8 24. Rxf5 Qe1+ 25. Nf1 Rxf5 26. Qxf5 Qe2 27. Qc8+ Kh7 28. Qf5+ Kg8 29. Qc8+ Kf7 30. Qd7+ Kg6 31. Qe6+ Kg5 32. Qe7+ Kf4 33. Qf7+ Ke4 34. Ng3+ Ke3 35. Nxe2 1-0


[Site "https://www.chess.com"]

[Event "Titled Tuesday Blitz August 09 Late 2022"]
[White "Gubajdullin, Alexei"]
[Black "Mardov, Dimitar"]
[WhiteFideId "4141202"]
[BlackFideId "30919495"]
[WhiteElo "2214"]
[BlackElo "2185"]
[Result "1/2-1/2"]
[Round "02"]
[TimeControl "180+1"]
[Date "2022.08.09"]
[WhiteClock "0:00:07"]
[BlackClock "0:00:08"]

1. Nf3 d5 2. g3 Bg4 3. Bg2 Nd7 4. c4 e6 5. O-O c6 6. d3 Bd6 7. Nc3 Ngf6 8. h3 Bxf3 9. Bxf3 O-O 10. cxd5 cxd5 11. e4 dxe4 12. dxe4 Be5 13. Be3 a6 14. Qb3 b5 15. Rfd1 Qe7 16. Bg2 Rac8 17. Rac1 Bd6 18. a4 b4 19. Ne2 Nc5 20. Bxc5 Bxc5 21. Qd3 Qa7 22. Qf3 Nd7 23. Nf4 Ne5 24. Qe2 Rfd8 25. b3 Bd4 26. Rxc8 Rxc8 27. Qd2 Rd8 28. Kh2 h6 29. Qxb4 Nc6 30. Qc4 Bxf2 31. Rxd8+ Nxd8 32. Nd3 Bg1+ 33. Kh1 Bd4 34. e5 a5 35. b4 axb4 36. Qxb4 Qd7 37. a5 Ba7 38. Qd6 Qc8 39. a6 Kh7 40. Kh2 g6 41. h4 h5 42. Qe7 Qb8 43. Nb4 Qb6 44. Nc6 Nxc6 45. Qxf7+ Kh6 46. Qf8+ Kh7 47. Qf7+ Kh6 48. Qf8+ Kh7 49. Qf7+ 1/2-1/2


[Site "https://www.chess.com"]

[Event "Titled Tuesday Blitz August 09 Late 2022"]
[White "Hambleton, Aman"]
[Black "Claverie, Christophe"]
[WhiteFideId "2606577"]
[BlackFideId "605514"]
[WhiteElo "2538"]
[BlackElo "2300"]
[Result "1-0"]
[Round "02"]
[TimeControl "180+1"]
[Date "2022.08.09"]
[WhiteClock "0:00:04"]
[BlackClock "0:00:32"]

1. d4 Nf6 2. Bf4 d5 3. e3 e6 4. Nd2 Bd6 5. Ngf3 O-O 6. Bd3 c5 7. c3 Qc7 8. Bxd6 Qxd6 9. Ne5 Nc6 10. O-O Nxe5 11. dxe5 Qxe5 12. Nf3 Qc7 13. Qe2 e5 14. e4 d4 15. cxd4 cxd4 16. Rfc1 Qd6 17. h3 h6 18. Qd2 b6 19. Qe2 Nh5 20. Bc4 Nf4 21. Qf1 Be6 22. Bxe6 Nxe6 23. Qb5 Nc5 24. b4 Nxe4 25. Qxe5 Qxe5 26. Nxe5 Rac8 27. Nc6 Rc7 28. Nxd4 Rd7 29. Nc6 g6 30. Rc4 Nf6 31. b5 Kg7 32. Ra4 Re8 33. Rxa7 Rxa7 34. Nxa7 Re2 35. a4 Ne4 36. Nc8 Nxf2 37. Nxb6 Kf6 38. a5 Kg5 39. a6 Kh4 40. a7 Kg3 41. a8=Q Nxh3+ 42. gxh3 h5 43. Ra3+ Kh4 44. Qf3 Re5 45. Qf4# 1-0


[Site "https://www.chess.com"]

[Event "Titled Tuesday Blitz August 09 Late 2022"]
[White "Izoria, Zviad"]
[Black "Dounis, Alexandros"]
[WhiteFideId "13601733"]
[BlackFideId "4213238"]
[WhiteElo "2626"]
[BlackElo "2204"]
[Result "1/2-1/2"]
[Round "02"]
[TimeControl "180+1"]
[Date "2022.08.09"]
[WhiteClock "0:00:12"]
[BlackClock "0:00:06"]

1. Nf3 Nf6 2. c4 g6 3. g3 Bg7 4. Bg2 O-O 5. O-O d5 6. cxd5 Nxd5 7. Nc3 Nc6 8. d4 e5 9. Nxd5 e4 10. Ng5 Qxd5 11. Nxe4 Qxd4 12. Nc3 Be6 13. Qxd4 Nxd4 14. Bf4 c6 15. Rac1 Rfd8 16. b3 h6 17. h4 Bg4 18. Rfe1 Re8 19. Kf1 Ne6 20. Be3 Bf5 21. Red1 Rad8 22. Rxd8 Rxd8 23. Be4 Bxc3 24. Bxf5 Bd2 25. Bxd2 Rxd2 26. Bxe6 fxe6 27. a4 Rb2 28. Rc3 Kf7 29. Rd3 Ke7 30. f4 e5 31. fxe5 Ke6 32. Re3 b5 33. axb5 cxb5 34. Rc3 b4 35. Rc7 Rxb3 36. Rxa7 Rxg3 37. h5 gxh5 38. Rb7 b3 39. Rb5 h4 40. Kf2 Rc3 41. Kg2 h3+ 42. Kh2 Re3 43. Kh1 Kf5 44. Kg1 Kf4 45. e6 Kg3 46. e7 h2+ 47. Kh1 Rxe7 48. Rxb3+ Kg4 49. Kxh2 Rxe2+ 50. Kg1 h5 51. Rb4+ Kf3 52. Rb3+ Kg4 53. Rb4+ Kg3 54. Rb3+ Kg4 1/2-1/2


[Site "https://www.chess.com"]

[Event "Titled Tuesday Blitz August 09 Late 2022"]
[White "Janaszak, Dawid"]
[Black "Vakhlamov, Igor L."]
[WhiteFideId "1119206"]
[BlackFideId "24126748"]
[WhiteElo "2165"]
[BlackElo "2401"]
[Result "1-0"]
[Round "02"]
[TimeControl "180+1"]
[Date "2022.08.09"]
[WhiteClock "0:00:25"]
[BlackClock "0:00:17"]

1. e4 c5 2. Nc3 Nc6 3. Bb5 Nd4 4. Nf3 e6 5. O-O a6 6. Bd3 Nxf3+ 7. Qxf3 Bd6 8. b3 Qc7 9. Qh3 Be5 10. Bb2 Ne7 11. Nd1 Bxb2 12. Nxb2 Ng6 13. g3 O-O 14. f4 b5 15. f5 Ne5 16. f6 Bb7 17. Rf4 Ng6 18. Raf1 Qe5 19. Nd1 Nxf4 20. Rxf4 gxf6 21. Rg4+ Kh8 22. Rh4 f5 23. Rxh7+ Kg8 24. Rh5 Qg7 25. exf5 exf5 26. Qxf5 f6 27. Rh4 Rae8 28. Rg4 Re1+ 29. Kf2 Rxd1 30. Qh7+ Kf7 31. Rxg7+ Ke6 32. Qf5+ Kd6 33. Qxd7+ Ke5 34. Re7# 1-0


[Site "https://www.chess.com"]

[Event "Titled Tuesday Blitz August 09 Late 2022"]
[White "Kamsky, Gata"]
[Black "Luo, Terry"]
[WhiteFideId "2000024"]
[BlackFideId "30931045"]
[WhiteElo "2666"]
[BlackElo "2024"]
[Result "1-0"]
[Round "02"]
[TimeControl "180+1"]
[Date "2022.08.09"]
[WhiteClock "0:01:15"]
[BlackClock "0:01:24"]

1. d4 Nf6 2. Nf3 e6 3. Bf4 d5 4. e3 Bd6 5. c3 O-O 6. Nbd2 c5 7. dxc5 Bxc5 8. Bd3 Nc6 9. O-O a5 10. a4 Qe7 11. e4 e5 12. Bg5 d4 13. Nb3 Bg4 14. Bxf6 gxf6 15. h3 Be6 16. cxd4 Bxb3 17. Qxb3 Nxd4 18. Nxd4 Bxd4 19. Bc4 Qb4 20. Qg3+ Kh8 21. Bd5 b6 22. Bxa8 Rxa8 23. Rac1 Qxa4 24. Rc7 Rg8 25. Qf3 Rg6 26. b3 Qe8 27. Rfc1 Kg7 28. h4 h6 29. R1c6 Qd8 30. Qf5 Bc5 31. Rd7 Qa8 32. h5 Rxg2+ 33. Kxg2 Qxc6 34. Qg6+ Kh8 35. Rxf7 1-0


[Site "https://www.chess.com"]

[Event "Titled Tuesday Blitz August 09 Late 2022"]
[White "Kevlishvili, Robby"]
[Black "Korchmar, Vasiliy"]
[WhiteFideId "1040634"]
[BlackFideId "24131750"]
[WhiteElo "2585"]
[BlackElo "2370"]
[Result "1/2-1/2"]
[Round "02"]
[TimeControl "180+1"]
[Date "2022.08.09"]
[WhiteClock "0:00:25"]
[BlackClock "0:00:03"]

1. e4 c5 2. Nf3 d6 3. d4 cxd4 4. Nxd4 Nf6 5. Nc3 Nc6 6. g3 g6 7. Bg2 Bd7 8. O-O Bg7 9. Nde2 O-O 10. Nd5 Nxd5 11. exd5 Ne5 12. c3 b5 13. Nd4 Rc8 14. Re1 Bg4 15. Qb3 Nd3 16. Re4 Nc5 17. Qxb5 Nxe4 18. Bxe4 Bxd4 19. cxd4 Qd7 20. Qxd7 Bxd7 21. Bd2 Bh3 22. Bc3 Rc7 23. f3 Rfc8 24. Rc1 Bf5 25. Kf2 Kg7 26. Ke3 h5 27. Kd2 Kf6 28. Re1 Rb7 29. Rf1 a5 30. g4 Bxe4 31. fxe4+ Kg7 32. gxh5 Rh8 33. hxg6 Rxh2+ 34. Kd3 fxg6 35. e5 g5 36. e6 Kg6 37. Rf8 a4 38. a3 g4 39. Ke4 Kg5 40. Rg8+ Kh4 41. Be1+ Kh3 42. Rg7 Re2+ 43. Kf4 Rxe1 44. Rh7+ Kg2 45. Kxg4 Re4+ 46. Kf5 Rxd4 47. Rg7+ Kf3 48. Kg6 Rxd5 49. Kf7 Re5 50. Rg1 Ke4 51. Rg4+ Kd5 52. Rxa4 Kc6 53. Ra6+ Kb5 54. Ra8 Rf5+ 55. Ke8 Rf6 56. a4+ Kc6 57. a5 Rxe6 58. a6 Rxb2 59. Rc8+ Kd5 60. a7 Ra2 61. a8=Q+ Rxa8 62. Rxa8 Re4 63. Kd7 Re5 64. Ra1 Ke4 65. Re1+ Kf5 66. Rf1+ Ke4 67. Re1+ Kd3 68. Rd1+ Ke2 69. Rh1 Kf3 70. Kc6 Re4 71. Rf1+ Ke3 72. Re1+ Kd4 73. Rh1 Ke5 74. Rh5+ Kf6 75. Rh6+ Kg5 76. Rh1 Re5 77. Rf1 Kg6 78. Rf2 Rf5 79. Re2 Kf6 80. Kd7 Re5 81. Rf2+ Kg5 82. Rf1 Kg4 83. Kc6 Re4 84. Kd5 Re5+ 85. Kc6 Kg3 86. Rf8 Kg4 87. Rf1 1/2-1/2


[Site "https://www.chess.com"]

[Event "Titled Tuesday Blitz August 09 Late 2022"]
[White "Kravtsiv, Martyn"]
[Black "Al-Tarboush, Ward"]
[WhiteFideId "14113147"]
[BlackFideId "7601450"]
[WhiteElo "2694"]
[BlackElo "2234"]
[Result "1-0"]
[Round "02"]
[TimeControl "180+1"]
[Date "2022.08.09"]
[WhiteClock "0:00:06"]
[BlackClock "0:00:01"]

1. e4 c5 2. Nf3 Nc6 3. d4 cxd4 4. Nxd4 Nf6 5. Nc3 e5 6. Ndb5 d6 7. Bg5 a6 8. Na3 b5 9. Nd5 Be7 10. Bxf6 Bxf6 11. c4 b4 12. Nc2 a5 13. g3 O-O 14. Bg2 Be6 15. O-O Bxd5 16. exd5 Nd4 17. Nxd4 exd4 18. Qd3 Qd7 19. Rac1 Rac8 20. Rfe1 Rfe8 21. h4 h6 22. Rxe8+ Qxe8 23. b3 Rc7 24. Kh2 Qe5 25. Rc2 g6 26. Re2 Qf5 27. Be4 Qg4 28. Kg2 Kg7 29. f3 Qc8 30. h5 Re7 31. hxg6 fxg6 32. Qd1 Qe8 33. Qc2 h5 34. Re1 h4 35. gxh4 Bxh4 36. Rh1 g5 37. Qd3 Qf7 38. Qxd4+ Qf6 39. Qxf6+ Kxf6 40. c5 dxc5 41. Rc1 Rc7 42. Kh3 Ke5 43. Kg4 Bf2 44. Rd1 Kd6 45. Kxg5 Be3+ 46. Kg6 a4 47. Re1 axb3 48. axb3 Bd4 49. Bd3 Rg7+ 50. Kf5 Rf7+ 51. Kg4 Rg7+ 52. Kh5 Kxd5 53. Bc4+ Kd6 54. Re6+ Kc7 55. f4 Rg2 56. f5 Rf2 57. Kg6 Rg2+ 58. Kf7 Rg7+ 59. Kf8 Rd7 60. f6 Rd8+ 61. Kf7 Rh8 62. Kg6 Rg8+ 63. Kf5 Rf8 64. Re7+ Kd6 65. Re6+ Kd7 66. Bb5+ Kd8 67. Kg6 Rg8+ 68. Kf7 Rg3 69. Re8+ Kc7 70. Re7+ Kb6 71. Bc4 Rf3 72. Re6+ Kc7 73. Ke7 Rf2 74. f7 Bg7 75. Ke8 Rf3 76. Re7+ Kd6 77. Re6+ Kc7 78. Bd5 Rf5 79. Rc6+ Kb8 80. Rd6 Re5+ 81. Be6 c4 82. bxc4 b3 83. Kd7 b2 84. Rb6+ Ka7 85. Rxb2 Rc5 86. Ra2+ Kb6 87. Rg2 Bh6 88. Ke8 Re5 89. Rg6 Kc5 90. Rxh6 1-0


[Site "https://www.chess.com"]

[Event "Titled Tuesday Blitz August 09 Late 2022"]
[White "Lobanov, Sergei"]
[Black "Gurevich, Dmitry"]
[WhiteFideId "24183750"]
[BlackFideId "2000407"]
[WhiteElo "2524"]
[BlackElo "2506"]
[Result "0-1"]
[Round "02"]
[TimeControl "180+1"]
[Date "2022.08.09"]
[WhiteClock "0:00:01"]
[BlackClock "0:00:06"]

1. Nf3 Nf6 2. e3 d5 3. b3 g6 4. Bb2 Bg7 5. c4 O-O 6. Be2 c5 7. O-O Nc6 8. d4 cxd4 9. Nxd4 Bd7 10. Nc3 Nxd4 11. exd4 Be6 12. c5 b6 13. b4 Ne4 14. Rc1 a5 15. b5 bxc5 16. dxc5 Nxc5 17. Nxd5 Bxb2 18. Rxc5 Ba3 19. Rc3 Bb4 20. Rd3 Bxd5 21. Rxd5 Qb6 22. Qb3 Rac8 23. Qf3 Rc3 24. Qe4 e6 25. Rd7 Rd8 26. Rxd8+ Qxd8 27. g3 Rc5 28. Rd1 Qb6 29. Rd7 Rf5 30. Bf3 Bc5 31. Qe2 Bd4 32. Kg2 h5 33. Rb7 Qd6 34. h4 Bb6 35. Qe4 Qc5 36. Qe2 Kg7 37. Rd7 Qxb5 38. Qxb5 Rxb5 39. Rb7 Rb2 40. Kh1 Rxf2 41. Bxh5 Bd4 42. Bg4 Be5 43. Bxe6 Bxg3 0-1


[Site "https://www.chess.com"]

[Event "Titled Tuesday Blitz August 09 Late 2022"]
[White "Maksimovic, Bojan"]
[Black "Vagman, Roy"]
[WhiteFideId "14408120"]
[BlackFideId "2828995"]
[WhiteElo "2447"]
[BlackElo "1956"]
[Result "1-0"]
[Round "02"]
[TimeControl "180+1"]
[Date "2022.08.09"]
[WhiteClock "0:00:29"]
[BlackClock "0:00:09"]

1. Nf3 Nf6 2. g3 g6 3. b3 Bg7 4. Bb2 O-O 5. Bg2 c5 6. c4 Nc6 7. O-O d5 8. cxd5 Nxd5 9. Bxg7 Kxg7 10. Nc3 Nxc3 11. dxc3 Qc7 12. Qd5 Qb6 13. Rfd1 Be6 14. Qe4 Rad8 15. Rd2 Rxd2 16. Nxd2 Rd8 17. Nc4 Qc7 18. h4 Bd5 19. Qe3 Bxg2 20. Kxg2 Rd5 21. Qf3 e6 22. Ne3 Rd7 23. h5 Qe5 24. h6+ Kf8 25. Ng4 Qf5 26. Nf6 Qxf3+ 27. Kxf3 Rd2 28. Nxh7+ Kg8 29. Nf6+ Kh8 30. Ke3 Rd8 31. g4 Ne5 32. f3 g5 33. Rh1 Ng6 34. Rh5 b6 35. Rxg5 Rd1 36. f4 Rh1 37. f5 exf5 38. gxf5 Rh3+ 39. Kf2 Ne7 40. h7 Rxh7 41. Nxh7 Kxh7 42. f6 Ng8 43. Rg7+ Kh6 44. Rxf7 Kg6 45. Rg7+ Kxf6 46. Rxg8 Ke5 47. Ra8 b5 48. Rxa7 b4 49. cxb4 c4 50. bxc4 1-0


[Site "https://www.chess.com"]

[Event "Titled Tuesday Blitz August 09 Late 2022"]
[White "Mcconnell, Sullivan"]
[Black "Holt, Conrad"]
[WhiteFideId "30934885"]
[BlackFideId "2034387"]
[WhiteElo "2615"]
[BlackElo "2586"]
[Result "0-1"]
[Round "02"]
[TimeControl "180+1"]
[Date "2022.08.09"]
[WhiteClock "0:00:50"]
[BlackClock "0:00:15"]

1. e4 e6 2. Nf3 d5 3. e5 c5 4. g3 Nc6 5. Bg2 g5 6. h3 Bg7 7. d4 Nxd4 8. O-O Nxf3+ 9. Qxf3 h5 10. Qe2 g4 11. hxg4 hxg4 12. Qxg4 Bxe5 13. Re1 Qf6 14. Nc3 Ne7 15. Bg5 Qg7 16. Bf1 Bxc3 17. bxc3 f6 18. Qa4+ Kf7 19. Be3 Qh7 20. Bg2 b6 21. Bf4 Qh2+ 22. Kf1 a5 23. f3 e5 24. Bxe5 fxe5 25. Rxe5 Bh3 26. Qf4+ Ke8 27. Rxe7+ Kxe7 28. Qc7+ Kf6 29. Qd6+ Be6 30. Qf4+ Kg6 31. Re1 Rae8 32. Qd6 Kf6 33. Qf4+ Bf5 34. Qd6+ Re6 35. Rxe6+ Bxe6 36. Qf4+ Kg6 37. Qe5 Re8 38. f4 Qh8 39. Qg5+ Kf7 40. f5 Qf6 41. Qh5+ Ke7 42. g4 Bf7 43. Qh7 Kd6 44. Kg1 Rh8 45. g5 Rxh7 0-1


[Site "https://www.chess.com"]

[Event "Titled Tuesday Blitz August 09 Late 2022"]
[White "Muradli, Mahammad"]
[Black "Sokolovsky, Yahli"]
[WhiteFideId "13409301"]
[BlackFideId "2820242"]
[WhiteElo "2611"]
[BlackElo "1867"]
[Result "1-0"]
[Round "02"]
[TimeControl "180+1"]
[Date "2022.08.09"]
[WhiteClock "0:01:23"]
[BlackClock "0:00:04"]

1. g3 d5 2. Bg2 c6 3. d3 Bg4 4. Nd2 e6 5. c4 Nd7 6. a3 Bd6 7. Ngf3 Ngf6 8. b4 a5 9. c5 Bc7 10. Bb2 e5 11. e4 O-O 12. O-O Qe7 13. Qc2 Rfd8 14. Rfe1 dxe4 15. dxe4 Nf8 16. Nc4 Bxf3 17. Bxf3 N6d7 18. Red1 Ne6 19. Bg4 f6 20. Nd6 axb4 21. axb4 Rxa1 22. Bxa1 Ndf8 23. Nxb7 Rb8 24. Nd6 Rxb4 25. Qa2 g6 26. Bc3 Rb8 27. h4 Kg7 28. Qc4 Rd8 29. Bb4 Nd4 30. h5 Nfe6 31. Kg2 f5 32. exf5 Bxd6 33. cxd6 Qb7 34. fxe6 c5+ 35. Kg1 cxb4 36. e7 Re8 37. d7 1-0


[Site "https://www.chess.com"]

[Event "Titled Tuesday Blitz August 09 Late 2022"]
[White "Nakamura, Hikaru"]
[Black "Dimitrov, Atanas"]
[WhiteFideId "2016192"]
[BlackFideId "2901315"]
[WhiteElo "2850"]
[BlackElo "2692"]
[Result "1-0"]
[Round "02"]
[TimeControl "180+1"]
[Date "2022.08.09"]
[WhiteClock "0:01:24"]
[BlackClock "0:00:45"]

1. g3 d5 2. Bg2 Nf6 3. d3 g6 4. Bd2 Bg7 5. Qc1 c5 6. Bh6 O-O 7. h4 Bxh6 8. Qxh6 Ng4 9. Qd2 h5 10. Nc3 Nf6 11. Qh6 Ng4 12. Qg5 e6 13. e4 d4 14. Nd1 Na6 15. a3 Bd7 16. Nf3 Qxg5 17. hxg5 Rac8 18. Bh3 f6 19. gxf6 Nxf6 20. Ne5 Kg7 21. Nxd7 Nxd7 22. Bxe6 Rcd8 23. f4 Nc7 24. Bxd7 Rxd7 25. Nf2 b5 26. a4 b4 27. b3 Ne6 28. Ke2 Rdf7 29. Rag1 Kf6 30. Nd1 Rh7 31. Kf3 Rfh8 32. Nf2 Ke7 33. Nh3 Rf7 34. Nf2 Rhf8 35. Rf1 Kd6 36. Ke2 Kc6 37. Nd1 Nd8 38. Nb2 Re7 39. Nc4 Re6 40. g4 hxg4 41. Rhg1 Nf7 42. Rxg4 Rh8 43. Rfg1 Rh2+ 44. R1g2 Rh6 45. Kf2 Kd7 46. Kg1 Ke7 47. Rh2 Kf6 48. Rxh6 Nxh6 49. Rg5 Rc6 50. Kg2 Nf7 51. Rd5 Ke6 52. Ne5 Nxe5 53. Rxe5+ Kf6 54. Rg5 Rc8 55. Kg3 Rc6 56. Rd5 Ke6 57. Kg4 Kf6 58. Rd6+ Rxd6 59. e5+ Ke6 60. exd6 1-0


[Site "https://www.chess.com"]

[Event "Titled Tuesday Blitz August 09 Late 2022"]
[White "Nazaretyan, Tigran"]
[Black "Vasquez Schroeder, Rodrigo"]
[WhiteFideId "24162345"]
[BlackFideId "3400042"]
[WhiteElo "2183"]
[BlackElo "2567"]
[Result "1/2-1/2"]
[Round "02"]
[TimeControl "180+1"]
[Date "2022.08.09"]
[WhiteClock "0:00:32"]
[BlackClock "0:02:08"]

1. d4 d5 2. c4 c6 3. Nf3 Nf6 4. Nc3 e6 5. e3 Nbd7 6. Qc2 b6 7. b3 Bb7 8. Bd3 Be7 9. O-O dxc4 10. bxc4 c5 11. d5 exd5 12. cxd5 Nxd5 13. Nxd5 Bxd5 14. Rd1 Be6 15. Bf5 Bxf5 16. Qxf5 Bf6 17. Rxd7 Qxd7 18. Qe4+ Kf8 19. Qxa8+ Ke7 20. Qe4+ Kf8 21. Qa8+ Ke7 22. Qe4+ Kf8 23. Qa8+ 1/2-1/2


[Site "https://www.chess.com"]

[Event "Titled Tuesday Blitz August 09 Late 2022"]
[White "Oparin, Grigoriy"]
[Black "Shuvalova, Polina"]
[WhiteFideId "24125890"]
[BlackFideId "24171760"]
[WhiteElo "2639"]
[BlackElo "2330"]
[Result "1/2-1/2"]
[Round "02"]
[TimeControl "180+1"]
[Date "2022.08.09"]
[WhiteClock "0:00:10"]
[BlackClock "0:00:04"]

1. d4 Nf6 2. c4 e6 3. Nf3 d5 4. g3 Bb4+ 5. Bd2 Be7 6. Bg2 c6 7. O-O O-O 8. Bc3 Nbd7 9. Nbd2 b5 10. cxb5 cxb5 11. b3 a5 12. Ne5 Bb7 13. Bb2 a4 14. bxa4 bxa4 15. Rb1 Nxe5 16. dxe5 Nd7 17. Bd4 Ba6 18. Nf3 Bc4 19. Qd2 Nc5 20. Bxc5 Bxc5 21. Rfc1 Qe7 22. e3 Rfb8 23. Bf1 Bb4 24. Qc2 Rc8 25. Bxc4 Rxc4 26. Qd1 Qc5 27. Rxc4 dxc4 28. Qd4 Rc8 29. Qxc5 Bxc5 30. Kf1 g5 31. Ke2 g4 32. Ne1 Kg7 33. Nc2 Rc7 34. Rb8 h5 35. Ra8 Ba7 36. Kd2 Kg6 37. Kc3 Kf5 38. Rh8 Kxe5 39. Rxh5+ Ke4 40. h3 gxh3 41. Rxh3 Kf3 42. Rh2 Bb6 43. Kb4 Ke2 44. f4+ Kd3 45. Kxa4 Bc5 46. Kb5 Be7 47. Ne1+ Kxe3 48. Rc2 c3 49. a4 Rb7+ 50. Kc4 Rc7+ 51. Kb3 Bf6 52. a5 Rb7+ 53. Kc4 Rc7+ 54. Kb5 Rb7+ 55. Kc4 Rc7+ 56. Kb5 Rb7+ 57. Kc4 1/2-1/2


[Site "https://www.chess.com"]

[Event "Titled Tuesday Blitz August 09 Late 2022"]
[White "Pakleza, Zbigniew"]
[Black "Jeet, Jain"]
[WhiteFideId "1119290"]
[BlackFideId "5073022"]
[WhiteElo "2411"]
[BlackElo "2055"]
[Result "1-0"]
[Round "02"]
[TimeControl "180+1"]
[Date "2022.08.09"]
[WhiteClock "0:00:05"]
[BlackClock "0:00:14"]

1. d4 Nf6 2. Nf3 g6 3. Bf4 Bg7 4. e3 O-O 5. Be2 b6 6. h3 Bb7 7. O-O d6 8. c3 Nbd7 9. a4 a6 10. Nbd2 Re8 11. Bh2 e5 12. Qb3 e4 13. Ne1 h5 14. Nc2 Nf8 15. a5 b5 16. c4 c6 17. d5 Rb8 18. dxc6 Bxc6 19. Nd4 Qd7 20. Nxc6 Qxc6 21. cxb5 axb5 22. Rfc1 Qa6 23. Qa3 Red8 24. Nb3 Ne6 25. Rd1 Bf8 26. Qa2 Rb7 27. Nd4 Nxd4 28. Rxd4 d5 29. Be5 Bg7 30. Rad1 Qe6 31. Bxf6 Bxf6 32. Rxd5 Rxd5 33. Qxd5 Qa6 34. b4 Rb8 35. Qxe4 Kg7 36. Rd5 Qc6 37. g3 h4 38. g4 Rd8 39. Bf3 Qc1+ 40. Kg2 Rc8 41. g5 Bb2 42. Rxb5 Qe1 43. Rc5 Rd8 44. Rc2 Bc3 45. a6 Rb8 46. a7 Rxb4 47. Rxc3 Rb2 48. Qd4+ Kh7 49. e4 Rb1 50. Bd1 Ra1 51. Qd7 Qxe4+ 52. Bf3 Qf4 53. a8=Q Qxg5+ 54. Qg4 Qf6 55. Qxa1 Qxf3+ 56. Qxf3 f5 57. Qf4 Kg7 58. Qe5+ Kf7 59. Rc7+ Kf8 60. Qa8# 1-0


[Site "https://www.chess.com"]

[Event "Titled Tuesday Blitz August 09 Late 2022"]
[White "Papasimakopoulos, Alexandros"]
[Black "Sarana, Alexey"]
[WhiteFideId "4244125"]
[BlackFideId "24133795"]
[WhiteElo "2357"]
[BlackElo "2666"]
[Result "0-1"]
[Round "02"]
[TimeControl "180+1"]
[Date "2022.08.09"]
[WhiteClock "0:01:30"]
[BlackClock "0:02:04"]

1. d4 Nf6 2. c4 e6 3. Nc3 Bb4 4. Qc2 O-O 5. a3 Bxc3+ 6. Qxc3 c5 7. dxc5 a5 8. Bf4 Na6 9. Bd6 Ne4 10. Qd4 Nxd6 11. Qxd6 Qg5 12. Nf3 Qxc5 13. Qxc5 Nxc5 14. e3 b6 15. Be2 Bb7 16. O-O d5 17. b4 Nb3 18. Rab1 a4 19. Rfd1 Rfc8 20. cxd5 Bxd5 21. Nd4 Nxd4 22. Rxd4 Rc3 23. Rd3 Rac8 24. Rxc3 Rxc3 25. Ra1 f5 26. Bb5 Bb3 27. h3 Kf7 28. g4 Kf6 29. gxf5 exf5 30. Kg2 g5 31. Kg1 h5 32. Rb1 h4 33. Rb2 Rc1+ 34. Kg2 Ra1 35. Rd2 Rxa3 36. Rd6+ Ke5 37. Rxb6 Bd5+ 38. Kf1 Ra1+ 39. Ke2 a3 40. Ra6 a2 41. Ra5 Rc1 42. f4+ gxf4 43. exf4+ Kxf4 44. Bd3 a1=Q 45. Ra2 Qxa2+ 0-1


[Site "https://www.chess.com"]

[Event "Titled Tuesday Blitz August 09 Late 2022"]
[White "Pinheiro, Iung Alicio de O."]
[Black "Terry, Renato"]
[WhiteFideId "2104350"]
[BlackFideId "3803457"]
[WhiteElo "2283"]
[BlackElo "2577"]
[Result "0-1"]
[Round "02"]
[TimeControl "180+1"]
[Date "2022.08.09"]
[WhiteClock "0:00:04"]
[BlackClock "0:00:06"]

1. e4 e6 2. d4 d5 3. e5 c5 4. c3 Qb6 5. Nf3 Bd7 6. Bd3 cxd4 7. cxd4 Nc6 8. O-O Nxd4 9. Nc3 Nc6 10. Re1 Nge7 11. h4 a6 12. a3 Qc7 13. h5 g6 14. Bg5 Rg8 15. h6 Nf5 16. Bxf5 gxf5 17. Rc1 Qa5 18. b4 Qxa3 19. b5 Nb4 20. bxa6 Qxa6 21. Re3 Rc8 22. Bf4 Rc4 23. Nd4 Bc5 24. Nce2 Nc6 25. Rxc4 Qxc4 26. Rd3 Nxd4 27. Nxd4 Kd8 28. g3 Kc7 29. Be3 Kb8 30. Qd2 Bb4 31. Qd1 Rc8 32. Kg2 Bc3 33. Bg5 Ba4 34. Rxc3 Bxd1 35. Rxc4 dxc4 36. Nb5 c3 37. Nd6 Rc7 38. Bc1 Bh5 39. f3 Bg6 40. Kf2 Rc5 41. f4 Rd5 42. Ke3 Rd1 43. Ba3 c2 44. g4 fxg4 45. f5 exf5 46. Kf4 c1=Q+ 47. Bxc1 Rxc1 48. Kg5 g3 49. Kf6 g2 50. Kg7 g1=Q 51. Ne8 Qd4 52. Kf8 Rc8 53. Ke7 Qxe5+ 54. Kd7 Qe6# 0-1


[Site "https://www.chess.com"]